 Dungeon Crawl Stone Soup version 0.29.1-15-g9cfb28693d (webtiles) character file.

Game seed: 6647046152833447989

178129 roguespy the Severer (level 17, -5/160 HPs)
             Began as a Hill Orc Fighter on Feb 26, 2023.
             Was a High Priest of Okawaru.
             Drowned by a water elemental (9 damage)
             ... summoned by Ilsuiw
             ... on level 3 of the Shoals.
             The game lasted 03:45:26 (46665 turns).

roguespy the Severer (Hill Orc Fighter)            Turns: 46665, Time: 03:45:27

Health: -5/160     AC: 34    Str: 29    XL:     17   Next: 87%
Magic:  24/24      EV: 14    Int: 14    God:    Okawaru [*****.]
Gold:   157        SH: 16    Dex: 13    Spells: 13/25 levels left

rFire   + . .      SeeInvis +   C - +4 broad axe (vorpal)
rCold   . . .      Faith    .   c - +2 buckler {AC+3}
rNeg    . . .      Spirit   .   w - +1 plate armour
rPois   .          Reflect  +   Y - +3 crown of Dyrovepreva {rElec Int+2 SInv}
rElec   +          Harm     .   d - +2 cloak
rCorr   .          Rampage  .   T - +2 pair of gloves
Will    +....                   Z - +0 pair of boots
Stlth   ..........              U - amulet of reflection
HPRegen 0.36/turn               A - ring of Kuun Ure {rF+ Str+6 Dex+3 Stlth-}
MPRegen 0.19/turn               R - ring of flight

@: heroic, engulfed (cannot breathe), flying, mesmerised
A: antennae 1
}: 1/15 runes: serpentine
a: Renounce Religion, Heroism, Finesse, Duel


You were on level 3 of the Shoals.
You worshipped Okawaru.
Okawaru was extremely pleased with you.
You visited 6 branches of the dungeon, and saw 29 of its levels.
You also visited: Ice Cave.

You collected 1950 gold pieces.
You spent 1793 gold pieces at shops.

Inventory:

Hand Weapons
 l - a +1 demon whip of electrocution
 C - a +4 vorpal broad axe (weapon)
 E - the +8 war axe "Woumm" {pain, rN++ Dex-4 Stlth+}
   (You found it on level 4 of the Snake Pit)

   In the hands of one skilled in necromantic magic, it inflicts extra damage on
   living creatures.
   Dex:       It affects your dexterity (-4).
   rN:        It greatly protects you from negative energy.
   Stlth:     It makes you more stealthy.
Missiles
 h - 63 stones
 j - 9 javelins
 m - 9 silver javelins
 t - 8 silver boomerangs (quivered)
 H - 2 boomerangs
 L - 46 poisoned darts
 O - a throwing net
 S - 2 boomerangs of dispersal
 V - 4 datura-tipped darts
Armour
 b - a +0 kite shield
 c - a +2 buckler of protection (worn)
 d - a +2 cloak (worn)
 k - the +0 cloak of Winter {MP+9 Slay+4}
   (Okawaru gifted it to you on level 12 of the Dungeon)

   Slay:      It affects your accuracy & damage with ranged weapons and melee
   (+4).
   MP:        It affects your magic capacity (+9).
 n - a +0 robe
 q - the +1 ring mail of Cynicism {rPois Will++ Str+2 Int-3}
   (You found it on level 3 of the Lair of Beasts)

   Str:       It affects your strength (+2).
   Int:       It affects your intelligence (-3).
   rPois:     It protects you from poison.
   Will:      It greatly increases your willpower.
 w - a +1 plate armour (worn)
 D - the +1 pair of gloves of Vanotwiu {rElec rF- rN+ Int+6}
   (Okawaru gifted it to you on level 15 of the Dungeon)

   Int:       It affects your intelligence (+6).
   rF:        It makes you vulnerable to fire.
   rElec:     It insulates you from electricity.
   rN:        It protects you from negative energy.
 I - a +0 leather armour of willpower
 T - a +2 pair of gloves (worn)
 W - a scarf of resistance
 Y - the +3 crown of Dyrovepreva (worn) {rElec Int+2 SInv}
   (You acquired it on level 2 of the Lair of Beasts)

   Int:       It affects your intelligence (+2).
   rElec:     It insulates you from electricity.
   SInv:      It lets you see invisible.
 Z - a +0 pair of boots (worn)
Jewellery
 a - an amulet of the acrobat
 e - a ring of protection from cold
 i - a ring of willpower
 r - a ring of positive energy
 u - a ring of poison resistance
 y - a ring of protection from fire
 A - the ring of Kuun Ure (left hand) {rF+ Str+6 Dex+3 Stlth-}
   (You bought it in a shop on level 2 of the Snake Pit)

   [ring of strength]

   Str:       It affects your strength (+6).
   Dex:       It affects your dexterity (+3).
   rF:        It protects you from fire.
   Stlth:     It makes you less stealthy.
 Q - a ring of protection from fire
 R - a ring of flight (right hand)
 U - an amulet of reflection (around neck)
Wands
 v - a wand of digging (10)
 x - a wand of flame (18)
 K - a wand of roots (7)
 M - a wand of mindburst (38)
 P - a wand of acid (37)
Scrolls
 p - a scroll of silence
 F - 5 scrolls of magic mapping
 J - 3 scrolls of fear
 N - 5 scrolls of teleportation
Potions
 f - 7 potions of ambrosia
 g - 8 potions of haste
 o - 3 potions of berserk rage
 s - 6 potions of mutation
 z - a potion of resistance
 B - 4 potions of curing
 G - a potion of magic
 X - 2 potions of cancellation


   Skills:
 + Level 16.9(21.9) Fighting
 + Level 17.4(22.4) Axes
 - Level 0.5(14.6) Maces & Flails
 + Level 6.9(11.9) Throwing
 + Level 13.3(18.3) Armour
 + Level 8.9(13.9) Dodging
 + Level 14.1(19.1) Shields
 - Level 4.7 Spellcasting
 - Level 6.4 Conjurations
 - Level 0.3 Necromancy
 - Level 6.1 Transmutations
 - Level 3.9 Earth Magic
 - Level 9.0 Invocations


You had 13 spell levels left.
You knew the following spells:

 Your Spells              Type           Power      Damage    Failure   Level
a - Irradiate             Conj/Tmut      10%        3d15      89%         5
b - Petrify               Tmut/Erth      17%        N/A       75%         4
c - Beastly Appendage     Tmut           40%        N/A       8%          1
d - Wereblood             Tmut           20%        N/A       11%         2

Your spell library contained the following spells:

 Spells                   Type           Power      Damage    Failure   Level
 Magic Dart               Conj           84%        1d7       7%          1
 Passwall                 Tmut/Erth      14%        N/A       19%         2
 Spider Form              Tmut/Pois      11%        N/A       61%         3
 Apportation              Tloc           6%         N/A       67%         1
 Mephitic Cloud           Conj/Pois/Air  9%         N/A       75%         3
 Sublimation of Blood     Necr           4%         N/A       77%         2
 Ensorcelled Hibernation  Hex/Ice        6%         N/A       80%         2
 Scorch                   Fire           6%         2d5       80%         2
 Flame Wave               Conj/Fire      12%        2d6       94%         4
 Swiftness                Air            3%         N/A       95%         3
 Leda's Liquefaction      Hex/Erth       4%         N/A       99%         4
 Lee's Rapid Deconstruct  Erth           7%         3d7*      99%         5
 Passage of Golubria      Tloc           3%         N/A       100%        4
 Alistair's Intoxication  Tmut/Pois      7%         N/A       100%        5
 Freezing Cloud           Conj/Ice/Air   4%         6-21      100%        5
 Yara's Violent Unravell  Hex/Tmut       5%         3d4       100%        5
 Statue Form              Tmut/Erth      11%        N/A       100%        6
 Orb of Destruction       Conj           10%        9d6       100%        7
 Borgnjor's Revivificati  Necr           2%         N/A       100%        8
 Necromutation            Tmut/Necr      6%         N/A       100%        8
 Death's Door             Necr           2%         N/A       100%        9
 Polar Vortex             Ice            1%         N/A       100%        9
 Call Imp                 Summ           Unusable   N/A       N/A         2
 Summon Guardian Golem    Hex/Summ       Unusable   N/A       N/A         3
 Tukima's Dance           Hex            Unusable   N/A       N/A         3
 Simulacrum               Ice/Necr       Unusable   N/A       N/A         6
 Summon Cactus Giant      Summ           Unusable   N/A       N/A         6
 Spellforged Servitor     Conj/Summ      Unusable   N/A       N/A         7

Dungeon Overview and Level Annotations

Branches:
Dungeon (15/15)            Temple (1/1) D:6            Lair (5/5) D:9
 Shoals (3/4) Lair:3        Snake (4/4) Lair:2        Slime (0/5) Lair:4
    Orc (1/2) D:11         Vaults (0/5) D:13          IceCv (visited)
 Depths: D:15

Altars:
Ashenzari
Cheibriados
Dithmenos
Elyvilon
Fedhas
Gozag
Hepliaklqana
Kikubaaqudgha
Makhleb
Nemelex Xobeh
Okawaru
Qazlal
Ru
Sif Muna
Trog
Uskayaw
Vehumet
Wu Jian
Xom
Yredelemnul
Zin
The Shining One
Jiyva

Shops:
D:11 **   Snake:1 (*   Snake:2 ::==

Annotations:
D:9 3 runed translucent doors, Gadrel's ghost, journeyman VSWr
D:11 1 runed translucent door, sigtrap's ghost, journeyman TrBe
Shoals:3 Ilsuiw
Orc:1 Jorgrun; Sonja


Innate Abilities, Weirdness & Mutations

You have a pair of small antennae on your head.


Message History

* * * LOW HITPOINT WARNING * * *
Your lungs strain for air!
The water elemental hits you.
The merfolk hits you but does no damage.
You block the faun's attack.
The merfolk siren chants its luring song.
You block the water elemental's attack.
You slice the faun!!
You kill the faun!
Okawaru accepts your kill.
You hear a splash. x2
You slash the water elemental! You hit the water elemental.
* * * LOW HITPOINT WARNING * * *
Your lungs strain for air!
You block the water elemental's attack. You block the merfolk's attack.
The merfolk siren chants its luring song.
Ilsuiw casts a spell.
Ilsuiw blinks!
You block the water elemental's attack.
You cannot read scrolls while unable to breathe!
Unknown command.
You feel better.
* * * LOW HITPOINT WARNING * * *
Your lungs strain for air!
You block the water elemental's attack. The water elemental misses you.
The merfolk hits you but does no damage.
The merfolk siren chants its luring song.
Ilsuiw drinks a potion.
Ilsuiw is healed!
The water elemental hits you.
* * * LOW HITPOINT WARNING * * *
You cannot read scrolls while unable to breathe!
You cannot read scrolls while unable to breathe!
Okay, then.
Okay, then.
You feel better.
* * * LOW HITPOINT WARNING * * *
Your lungs strain for air!
You block the water elemental's attack. x2; The merfolk completely misses you.
The merfolk siren chants its luring song.
You block the water elemental's attack.
You slip free of the water engulfing you.
You die...

~~~~~~..~~~~~..~
~).[~)~~.~~~...~~~≈≈≈~~~
~<~)~~~..~~~~~~~~~≈≈≈≈≈≈
~~..~....~~~~~~~~~~~≈≈≈≈
)[.......~~~~~~~~~~~≈≈≈≈
..#......~~~~~P~~~~~≈≈≈≈
.####....~~~~~~~~~~≈≈≈≈~
. ##...P~P~~~~~mm~≈≈~~ .
####.PP~~~~@E~~~~~~ .
.######.~PP~mE)E~~~~~~ ~
~~....P~~~P~.###.~~~~~ ~
~~~.~~~P~~~~.# .~~~~~
~~~~~PPP~~P~.# ~~~P.
P~~~~PPP~~~~.....~....
~~~P~~PPPP~~~~~~~.####
≈≈~≈≈≈≈P~~P~~~~~~.#
≈≈≈≈≈≈≈≈≈≈≈≈~~~~~.#


You could see Ilsuiw (invisible), a merfolk, 3 water elementals and a merfolk
siren (mesmerising).

Vanquished Creatures
  Mara (Shoals:3)
  Nikola (Shoals:1)
  2 quicksilver dragons (Snake:4)
  5 nagarajas
  The ghost of gdog the Covert, a journeyman GnDe of Gozag (Lair:4)
  A white draconian (IceCv)
  An ettin (D:15)
  Snorg (Lair:3)
  2 merfolk impalers
  A merfolk javelineer (Shoals:2)
  3 boulder beetles
  2 salamander tyrants (Snake:4)
  4 vault guards (D:13)
  A catoblepas (Lair:5)
  8 hydras
  5 anacondas
  6 centaur warriors
  A death knight (D:15)
  13 naga warriors
  2 merfolk aquamancers
  4 two-headed ogres
  An ogre mage (D:15)
  18 death yaks
  A satyr (Shoals:3)
  A deep troll shaman (Lair:5)
  9 shock serpents
  8 naga sharpshooters
  4 salamander mystics
  7 sea snakes
  2 deep trolls (D:15)
  2 lindwurms (Lair:5)
  A phantasmal warrior (D:15)
  Pikel (D:6)
  An orc knight (D:15)
  3 deep elf pyromancers
  5 mana vipers
  An oklob plant (Lair:5)
  15 ugly things
  A cyclops (D:14)
  5 fauns
  6 manticores
  7 salamanders
  5 elephants
  4 water nymphs
  12 naga magi
  30 black mambas
  A torpor snail (Lair:5)
  5 merfolk sirens
  Joseph (D:7)
  7 guardian serpents
  2 ice statues (IceCv)
  10 cane toads
  A gargoyle (D:12)
  5 rime drakes
  10 komodo dragons
  2 unseen horrors
  2 efreet
  A freezing wraith (D:15)
  A tengu conjurer (D:13)
  A queen bee (Lair:2)
  A wind drake (Shoals:1)
  10 merfolk
  3 polar bears
  A tarantella (D:14)
  10 slime creatures
  15 blink frogs
  Grinder (D:4)
  6 dream sheep (Lair:4)
  A snapping turtle (Shoals:2)
  9 water elementals
  A centaur simulacrum (D:14)
  5 wraiths
  3 shadows
  8 basilisks
  38 yaks
  8 wyverns
  7 vampire mosquitoes
  3 steam dragons
  A redback (D:14)
  Menkaure (D:4)
  2 acid dragons
  37 nagas
  12 water moccasins
  6 orc warriors
  A sky beast (D:6)
  2 ice beasts (D:7)
  4 black bears
  5 ogres
  2 lemures (D:6)
  11 wolves
  7 centaurs
  4 kobold brigands
  13 bullfrogs
  A necrophage (D:7)
  32 killer bees
  6 lindwurm simulacra (IceCv)
  An electric eel (Lair:2)
  5 howler monkeys
  A quasit (D:5)
  3 komodo dragon simulacra (IceCv)
  A gnoll bouda (D:8)
  3 hounds
  8 orc priests
  3 jellies
  2 iguanas
  15 orc wizards
  A hell rat (Lair:2)
  Robin (D:4)
  4 gnolls (D:8)
  A river rat (Lair:2)
  6 acid dragon simulacra (IceCv)
  7 adders
  A shadow imp (D:7)
  13 white imps
  3 ufetubi
  6 steam dragon simulacra (IceCv)
  A worm (D:4)
  3 dart slugs
  39 orcs
  5 ball pythons
  12 bats
  2 endoplasms
  A giant cockroach (D:2)
  10 goblins
  5 hobgoblins
  18 jackals
  3 quokkas
  2 frilled lizards
  30 kobolds
  9 rats
  A spectral orc (D:6)
767 creatures vanquished.

Vanquished Creatures (collateral kills)
  An orc wizard (D:6)
  An orc (D:6)
2 creatures vanquished.

Vanquished Creatures (others)
  An alligator snapping turtle (Shoals:1)
  A naga sharpshooter (Snake:4)
  2 rime drakes (IceCv)
  A vampire (D:13)
  A human (D:3)
  A bush (Lair:4)
  2 demonic plants (D:5)
  16 fungi
  39 plants
64 creatures vanquished.

Grand Total: 833 creatures vanquished

Notes
Turn   | Place    | Note
-------+----------+-------------------------------------------
     0 | D:1      | roguespy the Hill Orc Fighter began the quest for the Orb.
     0 | D:1      | Reached XP level 1. HP: 19/19 MP: 1/1
   163 | D:1      | Reached XP level 2. HP: 27/27 MP: 2/2
   275 | D:1      | Reached skill level 3 in Axes
   609 | D:1      | Reached XP level 3. HP: 33/33 MP: 3/3
  1461 | D:2      | Reached XP level 4. HP: 18/41 MP: 4/4
  1955 | D:2      | Found a faded altar of an unknown god.
  2150 | D:3      | Reached skill level 4 in Axes
  2262 | D:3      | Found an ornate altar of the Wu Jian Council.
  2271 | D:3      | Reached XP level 5. HP: 47/47 MP: 5/5
  2344 | D:3      | Found a blossoming altar of Fedhas.
  2372 | D:3      | Found an ancient bone altar of Kikubaaqudgha.
  2372 | D:3      | Noticed a human
  2375 | D:3      | Killed a human
  2741 | D:3      | Found a glowing silver altar of Zin.
  2881 | D:4      | Noticed Grinder
  2890 | D:5      | Entered Level 5 of the Dungeon
  2895 | D:5      | Reached skill level 5 in Fighting
  2961 | D:5      | Noticed a water moccasin
  2963 | D:5      | Reached skill level 5 in Axes
  2963 | D:5      | Reached XP level 6. HP: 25/56 MP: 6/6
  3348 | D:5      | Noticed a water moccasin
  3365 | D:5      | Killed a water moccasin
  3366 | D:5      | Reached skill level 5 in Shields
  3366 | D:5      | Reached XP level 7. HP: 28/63 MP: 7/7
  3373 | D:5      | Gained mutation: You have a pair of small antennae on your
                  | head. [potion of mutation]
  3373 | D:5      | Gained mutation: You do not regenerate when monsters are
                  | visible. [potion of mutation]
  3373 | D:5      | Lost mutation: You do not regenerate when monsters are
                  | visible. [potion of mutation]
  3381 | D:5      | Reached skill level 6 in Axes
  4071 | D:5      | Found a shadowy altar of Dithmenos.
  4484 | D:6      | Found a radiant altar of Vehumet.
  4606 | D:6      | Noticed a steam dragon
  4615 | D:6      | Killed a steam dragon
  4616 | D:6      | Reached skill level 7 in Axes
  4813 | D:6      | Found a staircase to the Ecumenical Temple.
  4822 | Temple   | Entered the Ecumenical Temple
  4842 | Temple   | Became a worshipper of Warmaster Okawaru
  5150 | D:6      | Reached skill level 1 in Dodging
  5150 | D:6      | Reached skill level 1 in Invocations
  5150 | D:6      | Reached XP level 8. HP: 35/71 MP: 8/8
  5351 | D:6      | Found a hazy altar of Hepliaklqana.
  5544 | D:7      | Noticed Pikel
  5544 | D:7      | Noticed Joseph
  5745 | D:7      | Noticed a wyvern
  5887 | D:5      | Reached * piety under Okawaru
  6212 | D:4      | Killed Grinder
  6318 | D:4      | Noticed Menkaure
  6347 | D:4      | Killed Menkaure
  6612 | D:4      | Reached skill level 8 in Axes
  6686 | D:4      | Noticed Robin
  6814 | D:4      | Killed Robin
  6929 | D:4      | Reached skill level 9 in Axes
  6929 | D:4      | Reached XP level 9. HP: 77/79 MP: 11/11
  7903 | D:7      | Reached ** piety under Okawaru
  7904 | D:7      | Reached skill level 10 in Axes
  7904 | D:7      | Reached skill level 5 in Armour
  7929 | D:6      | Killed Pikel
  8872 | D:7      | Killed Joseph
  8872 | D:7      | Reached *** piety under Okawaru
  8873 | D:7      | Reached skill level 1 in Throwing
  9162 | D:7      | Reached XP level 10. HP: 86/86 MP: 13/13
  9446 | D:7      | Found a burning altar of Makhleb.
  9500 | D:7      | Reached skill level 11 in Axes
  9772 | D:7      | Found a broken altar of Ashenzari.
  9791 | D:7      | Found a white marble altar of Elyvilon.
 10814 | D:8      | Found a shimmering blue altar of Sif Muna.
 10830 | D:8      | Noticed a centaur warrior
 10846 | D:8      | Killed a centaur warrior
 11087 | D:8      | Reached skill level 5 in Invocations
 11098 | D:8      | Found a snail-covered altar of Cheibriados.
 11126 | D:8      | Found an opulent altar of Gozag.
 11270 | D:8      | Identified 2 scrolls of acquirement
 11270 | D:8      | Acquired the +1 hat "Geiviopt" {Slay+2 SInv}
 11280 | D:8      | Acquired a +3 vorpal broad axe
 11336 | D:9      | Found a staircase to the Lair.
 11762 | D:9      | Found a runed translucent gate.
 11762 | D:9      | Found a runed translucent gate.
 11762 | D:9      | Found a viscous altar of Jiyva.
 11762 | D:9      | Found a runed translucent gate.
 11762 | D:9      | Noticed Gadrel's ghost (journeyman VSWr)
 12239 | D:10     | Entered Level 10 of the Dungeon
 12249 | D:9      | Reached **** piety under Okawaru
 12263 | D:9      | Reached skill level 12 in Axes
 12646 | D:10     | Noticed a two-headed ogre
 12665 | D:10     | Killed a two-headed ogre
 12666 | D:10     | Reached XP level 11. HP: 88/94 MP: 6/15
 12913 | D:10     | Found a sparkling altar of Nemelex Xobeh.
 13225 | D:10     | Reached ***** piety under Okawaru
 13488 | D:10     | Found a stormy altar of Qazlal.
 13733 | Lair:1   | Entered Level 1 of the Lair of Beasts
 14182 | Lair:1   | Reached XP level 12. HP: 115/115 MP: 17/17
 14591 | Lair:1   | Reached skill level 10 in Shields
 14593 | Lair:1   | Identified the +6 chain mail of the Vestibule of Hell
                  | {*Corrode Str+5 SInv} (Okawaru gifted it to you on level 1
                  | of the Lair of Beasts)
 14593 | Lair:1   | Received a gift from Okawaru
 14594 | Lair:1   | Reached skill level 13 in Axes
 15169 | Lair:2   | Found a staircase to the Snake Pit.
 15611 | Lair:2   | Acquired the +3 crown of Dyrovepreva {rElec Int+2 SInv}
 15611 | Lair:2   | Found the +3 crown of Dyrovepreva {rElec Int+2 SInv}
 15987 | Lair:2   | Reached XP level 13. HP: 122/122 MP: 18/18
 16609 | Lair:2   | Learned a level 5 spell: Irradiate
 17258 | Lair:3   | Reached skill level 1 in Conjurations
 17460 | Lair:3   | Noticed Snorg
 17473 | Lair:3   | Killed Snorg
 17474 | Lair:3   | Reached skill level 1 in Spellcasting
 17880 | Lair:3   | Reached skill level 1 in Transmutations
 18299 | Lair:3   | Identified the +1 ring mail of Cynicism {rPois Will++ Str+2
                  | Int-3}
 18355 | Lair:3   | Reached skill level 5 in Dodging
 18366 | Lair:3   | Reached skill level 14 in Axes
 19571 | Lair:4   | Reached skill level 10 in Armour
 19715 | Lair:4   | Found a staircase to the Slime Pits.
 19754 | Lair:3   | Received a gift from Okawaru
 20161 | Lair:4   | Reached XP level 14. HP: 101/132 MP: 17/20
 20184 | Lair:4   | Received a gift from Okawaru
 20587 | Lair:4   | Found a runed translucent door.
 20588 | Lair:4   | Noticed gdog's ghost (journeyman GnDe)
 20899 | Lair:5   | Entered Level 5 of the Lair of Beasts
 22164 | Lair:5   | Reached ****** piety under Okawaru
 23320 | Lair:5   | Received a gift from Okawaru
 23824 | D:9      | Learned a level 4 spell: Petrify
 24294 | D:11     | Noticed sigtrap's ghost (journeyman TrBe)
 24295 | D:11     | Found a runed translucent door.
 24431 | D:11     | Reached skill level 15 in Axes
 24777 | D:11     | Found a staircase to the Orcish Mines.
 25100 | D:11     | Reached skill level 1 in Earth Magic
 25269 | D:11     | Found Wihof's General Store.
 25271 | D:11     | Found Janig's Specific Store.
 25283 | D:11     | Bought a potion of curing for 39 gold pieces
 25283 | D:11     | Bought a potion of curing for 39 gold pieces
 25283 | D:11     | Bought a scroll of enchant armour for 97 gold pieces
 25304 | Orc:1    | Entered Level 1 of the Orcish Mines
 25307 | Orc:1    | Noticed Jorgrun
 25309 | Orc:1    | Noticed Sonja
 25387 | D:11     | Reached skill level 5 in Conjurations
 25467 | D:12     | Reached XP level 15. HP: 130/139 MP: 21/21
 25497 | D:12     | Found a frozen archway.
 25584 | IceCv    | Entered an ice cave
 26921 | D:12     | Identified the +0 cloak of Winter {MP+9 Slay+4} (Okawaru
                  | gifted it to you on level 12 of the Dungeon)
 26921 | D:12     | Received a gift from Okawaru
 26922 | D:12     | Reached skill level 15 in Fighting
 28130 | D:13     | Found a gate to the Vaults.
 30222 | D:15     | Entered Level 15 of the Dungeon
 30924 | D:15     | Received a gift from Okawaru
 31297 | D:15     | Identified the +1 pair of gloves of Vanotwiu {rElec rF- rN+
                  | Int+6} (Okawaru gifted it to you on level 15 of the
                  | Dungeon)
 31297 | D:15     | Received a gift from Okawaru
 32035 | Snake:1  | Entered Level 1 of the Snake Pit
 32060 | Lair:2   | Reached XP level 16. HP: 93/149 MP: 23/23
 33269 | Snake:1  | Found Ericymp's Weapon Boutique.
 33273 | Snake:1  | Found Orairupa's General Store.
 33545 | Snake:1  | Bought a scroll of teleportation for 36 gold pieces
 33545 | Snake:1  | Bought a scroll of identify for 24 gold pieces
 33958 | Snake:2  | Reached skill level 16 in Axes
 34231 | Snake:2  | Found the +11 plutonium sword {Contam Stlth-}
 34553 | Snake:2  | Found Pesh's Jewellery Shoppe.
 34557 | Snake:2  | Bought the ring of Kuun Ure {rF+ Str+6 Dex+3 Stlth-} for
                  | 878 gold pieces
 34874 | Snake:2  | Found a white marble altar of Elyvilon.
 34935 | Snake:2  | Found Ocelaotz's Book Shoppe.
 34937 | Snake:2  | Found Deosog's Jewellery Shop.
 34938 | Snake:2  | Found Hiumob's Book Shoppe.
 36556 | Snake:3  | Reached skill level 5 in Throwing
 36559 | Snake:3  | Reached skill level 5 in Transmutations
 37174 | Snake:3  | Noticed a nagaraja
 37180 | Snake:3  | Killed a nagaraja
 37631 | Snake:3  | Noticed a nagaraja
 37641 | Snake:3  | Killed a nagaraja
 37827 | Snake:3  | Learned a level 1 spell: Beastly Appendage
 37830 | Snake:3  | Learned a level 2 spell: Wereblood
 37839 | Snake:4  | Entered Level 4 of the Snake Pit
 37876 | Snake:4  | Received a gift from Okawaru
 38662 | Snake:4  | Identified the +8 war axe "Woumm" {pain, rN++ Dex-4 Stlth+}
 39015 | Snake:4  | Noticed a nagaraja
 39410 | Snake:4  | Reached XP level 17. HP: 63/158 MP: 21/24
 40294 | Snake:4  | Noticed a quicksilver dragon
 40295 | Snake:4  | Noticed a quicksilver dragon
 40346 | Snake:4  | Killed a quicksilver dragon
 40641 | Snake:4  | Killed a quicksilver dragon
 41037 | Snake:4  | Got a serpentine rune of Zot
 42103 | Lair:4   | Killed gdog's ghost
 42823 | Lair:3   | Found a staircase to the Shoals.
 42831 | Shoals:1 | Entered Level 1 of the Shoals
 42846 | Lair:3   | Received a gift from Okawaru
 43194 | Snake:2  | Bought a ring of flight for 280 gold pieces
 43194 | Snake:2  | Bought a ring of willpower for 400 gold pieces
 43833 | Shoals:1 | Reached skill level 17 in Axes
 43896 | Shoals:1 | Noticed Nikola
 43921 | Shoals:1 | Killed Nikola
 44509 | Shoals:1 | Received a gift from Okawaru
 44831 | Shoals:1 | You are sucked into a shaft and drop 1 floor!
 46314 | Shoals:3 | Noticed Mara
 46344 | Shoals:3 | Killed Mara
 46344 | Shoals:3 | Received a gift from Okawaru
 46623 | Shoals:3 | Noticed Ilsuiw
 46663 | Shoals:3 | HP: 8/160 [drowned by a water elemental[Ilsuiw] (8)]
 46665 | Shoals:3 | Drowned by a water elemental

Illustrated notes

Levels and vault maps discovered:
D:1:      lemuel_arrival_room, layout_basic
D:2:      layout_rooms, chequers_ecumenical_altar_grove
D:3:      layout_rooms, tgw_kikubaaqudgha, zin_scriptorium,
          fedhas_altar_fruit_tree, amcnicky_altar_gilded
D:4:      layout_basic, uniq_robin, uniq_grinder, uniq_menkaure
D:5:      layout_basic, grunt_dithmenos_smoke_and_mirrors, serial_demonic,
          serial_demonic_g, serial_demonic_b, serial_demonic_a, serial_demonic_c
D:6:      layout_basic, nicolae_hepliaklqana_monster_ancestors,
          vehumet_altar_wand_db, temple_fountains
D:7:      layout_basic, makhleb_heckhound_becter,
          mainiacjoe_overflow_tiny_flanked, ashenzari_altar_1,
          nicolae_ossuary_entry_plus, uniq_joseph, uniq_pikel
D:8:      layout_rooms, grunt_gozag_breadcrumbs, mainiacjoe_overflow_catwalk,
          mainiacjoe_overflow_alcove_2, minivault_19, minmay_misc_feat_cross
D:9:      layout_irregular_city, lair_entry_dummy, gammafunk_ghost_ooze
D:10:     layout_loops_corners, grunt_qazlal_sundering,
          nicolae_overflow_hidden_temple
D:11:     layout_long_grid, orc_0_dummy, hellmonk_ghost_happy_afterlife,
          minmay_misc_feat_encased, nicolae_specific_store,
          chequers_decorated_corner
D:12:     layout_cave_pools, gauntlet_entry_generic, portal_ice_cave_entry_imps
D:13:     layout_loops_corners, lightli_vaults_fourway_checkpoint
D:14:     layout_rooms
D:15:     hangedman_depths_entry_civil_slaughter, layout_cave_pods,
          nicolae_concentric_dashed_squares_wild, slow_altar_2
Temple:   nicolae_temple_ecumenical_triangle
Lair:1:   layout_regular_city
Lair:2:   regret_index_wax_grids, layout_gridlike,
          minmay_snake_entry_guardpost_small, serial_bayou_shore_b,
          serial_bayou_shore_b, grunt_megastairs_5
Lair:3:   layout_cave_pods, elwin_shoals_entry_rooms, uniq_snorg
Lair:4:   layout_roguey, slime_entry_1, ebering_ghost_reflecting_pool
Lair:5:   grunt_lair_end_beastmaster, layout_cave_pods, grunt_megastairs_4,
          lemuel_fruit_tree, infiniplex_staircase_pool_2
Shoals:1: layout_shoals, serial_shops, nicolae_shop_trees,
          nicolae_shoals_beach_cooler, uniq_nikola
Shoals:2: layout_shoals
Shoals:3: layout_shoals, argonaut_gorgonesque, uniq_mara, uniq_ilsuiw,
          uniq_kirke
Snake:1:  layout_misc_corridors, nrook_guardian_serpent_ordinary,
          minmay_shop_star
Snake:2:  layout_layer_cave, basic_altar, minmay_shop_enchanted_jewellery,
          drop_trap, minmay_shop_grove
Snake:3:  layout_basic, nicolae_elevator_lobby_asterisk
Snake:4:  hellmonk_snake_rune_quicksilver_temple, layout_cave_town,
          grunt_ministairs_9
Orc:1:    layout_caves, gammafunk_ghost_smash, basic_altar, uniq_jorgrun,
          uniq_sonja, uniq_harold, uniq_maurice

Skill      XL: |  1  2  3  4  5  6  7  8  9 10 11 12 13 14 15 16 17 |
---------------+----------------------------------------------------+-----
Axes           | 3 4 5 7 9 10 12 13 14 15 16 17 | 17.4
Fighting       | 4 5 6 7 13 14 15 16 | 16.9
Shields        | 4 5 6 7 9 10 11 12 13 14 | 14.1
Dodging        | 1 2 3 4 5 6 7 8 |  8.9
Invocations    | 1 3 4 5 6 7 8 9 |  9.0
Armour         | 4 6 8 9 10 11 12 13 | 13.3
Throwing       | 1 2 3 4 5 6 |  6.9
Conjurations   | 3 5 6 |  6.4
Spellcasting   | 2 3 4 |  4.7
Transmutations | 2 3 4 5 6 |  6.1
Earth Magic    | 1 3 |  3.9
Maces & Flails | |  0.5
Necromancy     | |  0.3

Action                   |  1- 3 |  4- 6 |  7- 9 | 10-12 | 13-15 | 16-18 || total
-------------------------+-------+-------+-------+-------+-------+-------++-------
Melee: War axe           |    72 |   132 |   317 |   105 |     8 |    17 ||   651
       Hand axe          |    33 |     6 |       |       |       |       ||    39
       Whip              |       |       |    12 |       |       |       ||    12
       Broad axe         |       |       |       |   308 |  1253 |   760 ||  2321
       Spear             |       |       |       |       |    95 |       ||    95
       Demon whip        |       |       |       |       |       |    33 ||    33
Throw: Stone             |       |     8 |    22 |    20 |    84 |    81 ||   215
       Javelin           |       |     3 |     3 |     2 |     9 |     6 ||    23
       Dart              |       |     2 |     1 |       |       |     5 ||     8
       Boomerang         |       |       |     5 |    11 |    92 |   124 ||   232
       Throwing net      |       |       |       |       |     2 |       ||     2
 Cast: Wereblood         |       |       |       |       |       |     3 ||     3
       Beastly Appendage |       |       |       |       |       |     1 ||     1
Invok: Heroism           |       |       |     6 |     6 |    25 |    22 ||    59
       Finesse           |       |       |       |     2 |    20 |     8 ||    30
Evoke: Wand              |       |       |    12 |     1 |     8 |     3 ||    24
  Use: Potion            |       |     6 |     4 |     2 |     2 |    13 ||    27
       Scroll            |       |       |    12 |     9 |     7 |    15 ||    43
 Stab: Petrified         |       |       |       |       |     6 |       ||     6
       Petrifying        |       |       |       |       |     1 |       ||     1
Armor: Chain mail        |    86 |   100 |   104 |       |       |       ||   290
       Skin              |       |       |     2 |       |       |       ||     2
       Plate armour      |       |       |    99 |   230 |   541 |   378 ||  1248
Dodge: Dodged            |    29 |    73 |   114 |   135 |   294 |   260 ||   905
Block: Buckler           |    27 |    33 |    93 |   170 |   573 |   565 ||  1461
       Reflection        |       |       |       |     1 |     5 |    81 ||    87
